[ AOE2 MATCH · #506816643 ]
UnrankedItalians vs Japanese
Player's team · WIN
Rival team · LOSS
[ REPLAY ANALYSIS · EXTRACTED FROM THE RECORDED GAME ]
Feudal
8:59
Castle
21:03
Imperial
38:25
| APM avg | 87.5 |
| APM peak | 159 |
| eAPM avg | 55.5 |
| Villagers / military | 282 / 646 |
Focus
⚔️ 68.1% · 🌾 31.9%
Scout Cavalry ×303 · Skirmisher ×149 · Archer ×79 · Genoese Crossbowman ×57 · Hand Cannoneer ×30 · Trebuchet (Packed) ×16
Feudal
10:16
Castle
22:12
Imperial
49:29
| APM avg | 63.7 |
| APM peak | 120 |
| eAPM avg | 46.7 |
| Villagers / military | 296 / 1231 |
Focus
⚔️ 58.5% · 🌾 41.5%
Skirmisher ×300 · Spearman ×249 · Scout Cavalry ×244 · Archer ×159 · Cavalry Archer ×118 · Knight ×52
Match map
Initial resources + every placement click. Lines = walls · curves = elevation contours. ◆ gold · ⬟ stone · ● berries · ✦ relic · ◌ wall gap
Your base· Open — opponent sealed themselves in
[DGLOS] DyouDi's base· ✓ Closed at 22:12 · 4t walls · 1 gate(s)
Smoothed initial terrain · ◌ = detected wall gap · hover for details
Inputs per minute
— twitch.tv/s0laf1d3 - - [DGLOS] DyouDi
Build order — twitch.tv/s0laf1d3
First 150 of 1326 actions detected
| 0:02 | Queue | Villager (Male) ×4 |
| 0:04 | Build | House |
| 0:05 | Build | House |
| 1:27 | Queue | Villager (Male) |
| 1:53 | Build | Lumber Camp |
| 1:54 | Queue | Villager (Male) |
| 2:20 | Queue | Villager (Male) |
| 2:45 | Queue | Villager (Male) |
| 2:57 | Queue | Villager (Male) |
| 3:06 | Build | House |
| 3:07 | Build | House |
| 3:29 | Queue | Villager (Male) |
| 4:02 | Queue | Villager (Male) |
| 4:19 | Queue | Villager (Male) |
| 5:04 | Build | Mining Camp |
| 5:07 | Queue | Villager (Male) |
| 5:08 | Queue | Villager (Male) |
| 5:28 | Queue | Villager (Male) |
| 6:24 | Queue | Villager (Male) |
| 6:48 | Research | Feudal Age |
| 6:48 | Research | Feudal Age |
| 7:21 | Build | Palisade Wall |
| 7:26 | Build | Palisade Wall |
| 7:29 | Build | Palisade Wall |
| 7:30 | Build | Palisade Wall |
| 7:36 | Build | Palisade Wall |
| 8:01 | Build | Palisade Wall |
| 8:13 | Build | Barracks |
| 8:20 | Research | Loom |
| 8:59 | Age | Feudal Age |
| 9:01 | Research | Double-Bit Axe |
| 9:07 | Build | Archery Range |
| 9:14 | Queue | Villager (Male) |
| 9:15 | Queue | Villager (Male) |
| 9:24 | Research | Double-Bit Axe |
| 9:49 | Queue | Archer |
| 9:54 | Build | House |
| 10:08 | Queue | Archer |
| 10:09 | Queue | Villager (Male) |
| 10:10 | Queue | Spearman |
| 10:29 | Queue | Archer |
| 10:30 | Queue | Villager (Male) |
| 10:46 | Build | Blacksmith |
| 10:47 | Queue | Villager (Male) |
| 10:52 | Queue | Villager (Male) |
| 11:04 | Queue | Villager (Male) |
| 11:10 | Build | House |
| 11:21 | Build | Mill |
| 11:31 | Research | Fletching |
| 11:31 | Research | Fletching |
| 11:31 | Queue | Villager (Male) |
| 11:36 | Build | House |
| 11:38 | Queue | Archer |
| 11:39 | Queue | Villager (Male) |
| 11:50 | Queue | Archer |
| 11:59 | Queue | Villager (Male) |
| 12:25 | Build | Stable |
| 12:28 | Queue | Archer |
| 12:29 | Queue | Villager (Male) |
| 13:00 | Build | Farm |
| 13:01 | Build | Farm |
| 13:03 | Build | Farm |
| 13:15 | Queue | Villager (Male) |
| 13:22 | Build | Farm |
| 13:30 | Queue | Scout Cavalry |
| 13:32 | Queue | Archer |
| 13:43 | Queue | Spearman |
| 13:45 | Queue | Archer |
| 13:47 | Queue | Scout Cavalry |
| 13:54 | Build | House |
| 14:09 | Queue | Villager (Male) |
| 14:27 | Queue | Villager (Male) |
| 14:40 | Queue | Villager (Male) |
| 14:47 | Queue | Spearman |
| 14:50 | Queue | Villager (Male) |
| 15:06 | Queue | Villager (Male) |
| 15:12 | Queue | Villager (Male) |
| 15:13 | Queue | Archer |
| 15:28 | Queue | Villager (Male) |
| 15:38 | Queue | Scout Cavalry |
| 15:40 | Build | Farm |
| 15:40 | Build | Farm |
| 15:40 | Build | Farm |
| 15:40 | Build | Farm |
| 15:41 | Build | Farm |
| 15:41 | Build | Farm |
| 15:41 | Build | Farm |
| 15:47 | Queue | Villager (Male) |
| 15:52 | Build | Farm |
| 15:56 | Build | Farm |
| 16:02 | Queue | Villager (Male) |
| 16:15 | Build | Farm |
| 16:16 | Build | Farm |
| 16:33 | Build | Farm |
| 16:34 | Build | House |
| 16:34 | Queue | Villager (Male) |
| 16:52 | Queue | Archer |
| 16:55 | Queue | Scout Cavalry |
| 17:00 | Build | Farm |
| 17:15 | Queue | Villager (Male) |
| 17:17 | Build | Farm |
| 17:32 | Queue | Archer |
| 17:39 | Build | House |
| 17:40 | Build | House |
| 17:48 | Queue | Villager (Male) |
| 18:23 | Research | Castle Age |
| 18:23 | Research | Castle Age |
| 18:24 | Queue | Archer |
| 18:33 | Queue | Archer |
| 18:35 | Queue | Scout Cavalry |
| 18:37 | Build | Farm |
| 18:59 | Build | Archery Range |
| 19:02 | Research | Padded Archer Armor |
| 19:15 | Queue | Scout Cavalry |
| 19:21 | Build | Farm |
| 19:36 | Queue | Archer |
| 19:41 | Research | Gold Mining |
| 19:41 | Research | Gold Mining |
| 19:41 | Research | Horse Collar |
| 19:47 | Queue | Villager (Male) |
| 20:00 | Research | Scale Barding Armor |
| 20:20 | Queue | Villager (Male) |
| 20:30 | Build | Mill |
| 20:42 | Research | Bloodlines |
| 20:42 | Research | Bloodlines |
| 21:03 | Age | Castle Age |
| 21:05 | Research | Bodkin Arrow |
| 21:06 | Research | Bodkin Arrow |
| 21:55 | Queue | Villager (Male) |
| 22:04 | Research | Husbandry |
| 22:17 | Build | Town Center |
| 22:18 | Queue | Villager (Male) |
| 22:23 | Queue | Villager (Male) |
| 22:39 | Queue | Scout Cavalry |
| 22:54 | Queue | Scout Cavalry |
| 23:01 | Queue | Villager (Male) |
| 23:03 | Research | Bow Saw |
| 23:03 | Research | Bow Saw |
| 23:04 | Research | Wheelbarrow |
| 23:14 | Queue | Villager (Male) |
| 23:37 | Build | House |
| 23:41 | Build | House |
| 23:45 | Queue | Villager (Male) |
| 23:57 | Research | Light Cavalry (upgrade) |
| 23:57 | Research | Light Cavalry (upgrade) |
| 24:09 | Build | University |
| 24:11 | Queue | Archer |
| 24:11 | Queue | Villager (Male) |
| 24:14 | Queue | Villager (Male) |
| 24:28 | Queue | Archer |
Build order — [DGLOS] DyouDi
First 150 of 2039 actions detected
| 0:00 | Queue | Villager (Male) |
| 0:00 | Queue | Villager (Male) |
| 0:01 | Build | House |
| 0:02 | Build | House |
| 0:05 | Queue | Villager (Male) |
| 0:05 | Queue | Villager (Male) |
| 0:05 | Queue | Villager (Male) |
| 1:30 | Queue | Villager (Male) |
| 1:41 | Queue | Villager (Male) |
| 1:41 | Queue | Villager (Male) |
| 2:09 | Build | Lumber Camp |
| 2:12 | Build | Lumber Camp |
| 2:23 | Queue | Villager (Male) |
| 2:24 | Queue | Villager (Male) |
| 2:24 | Queue | Villager (Male) |
| 2:43 | Queue | Villager (Male) |
| 2:43 | Queue | Villager (Male) |
| 3:17 | Queue | Villager (Male) |
| 3:36 | Queue | Villager (Male) |
| 3:37 | Build | House |
| 3:38 | Build | House |
| 3:42 | Build | Palisade Wall |
| 3:44 | Build | Palisade Wall |
| 4:01 | Queue | Villager (Male) |
| 4:46 | Build | Barracks |
| 4:48 | Queue | Villager (Male) |
| 4:48 | Queue | Villager (Male) |
| 5:15 | Queue | Villager (Male) |
| 5:16 | Queue | Villager (Male) |
| 5:55 | Build | Mining Camp |
| 6:11 | Queue | Villager (Male) |
| 6:13 | Research | Loom |
| 6:38 | Queue | Militia |
| 6:38 | Queue | Militia |
| 6:42 | Queue | Villager (Male) |
| 6:42 | Queue | Villager (Male) |
| 6:48 | Build | Mill |
| 6:50 | Queue | Villager (Male) |
| 6:56 | Queue | Villager (Male) |
| 6:57 | Queue | Militia |
| 7:08 | Queue | Villager (Male) |
| 7:36 | Build | House |
| 7:40 | Research | Loom |
| 7:55 | Queue | Villager (Male) |
| 8:06 | Research | Feudal Age |
| 8:06 | Research | Feudal Age |
| 8:55 | Queue | Villager (Male) |
| 8:57 | Build | House |
| 9:00 | Build | Palisade Wall |
| 9:01 | Build | House |
| 9:23 | Queue | Villager (Male) |
| 9:47 | Queue | Villager (Male) |
| 10:16 | Age | Feudal Age |
| 10:19 | Build | Archery Range |
| 10:24 | Build | Blacksmith |
| 10:31 | Research | Double-Bit Axe |
| 10:31 | Research | Double-Bit Axe |
| 10:32 | Research | Horse Collar |
| 10:32 | Research | Horse Collar |
| 11:01 | Queue | Villager (Male) |
| 11:08 | Build | House |
| 11:10 | Research | Fletching |
| 11:10 | Research | Fletching |
| 11:15 | Queue | Skirmisher |
| 11:15 | Queue | Skirmisher |
| 11:33 | Build | Mill |
| 11:49 | Queue | Villager (Male) |
| 12:02 | Research | Padded Archer Armor |
| 12:05 | Queue | Skirmisher |
| 12:06 | Queue | Villager (Male) |
| 12:06 | Queue | Villager (Male) |
| 12:32 | Queue | Skirmisher |
| 12:32 | Queue | Villager (Male) |
| 12:36 | Build | House |
| 12:39 | Queue | Villager (Male) |
| 12:40 | Queue | Villager (Male) |
| 12:47 | Build | Farm |
| 12:48 | Build | Farm |
| 12:48 | Queue | Villager (Male) |
| 12:50 | Build | Farm |
| 12:55 | Queue | Skirmisher |
| 13:00 | Build | Farm |
| 13:10 | Queue | Skirmisher |
| 13:17 | Queue | Skirmisher |
| 13:18 | Queue | Villager (Male) |
| 13:21 | Queue | Archer |
| 13:21 | Queue | Villager (Male) |
| 13:31 | Queue | Archer |
| 13:33 | Build | Farm |
| 13:46 | Build | Palisade Gate |
| 14:03 | Build | Watch Tower |
| 14:37 | Queue | Skirmisher |
| 14:38 | Queue | Skirmisher |
| 14:43 | Queue | Villager (Male) |
| 14:45 | Queue | Skirmisher |
| 14:51 | Build | House |
| 14:55 | Queue | Skirmisher |
| 15:00 | Build | House |
| 15:03 | Queue | Skirmisher |
| 15:05 | Build | House |
| 15:15 | Queue | Villager (Male) |
| 15:19 | Queue | Skirmisher |
| 15:20 | Queue | Villager (Male) |
| 15:21 | Build | Farm |
| 15:21 | Build | Farm |
| 15:37 | Build | Archery Range |
| 15:39 | Queue | Archer |
| 15:40 | Queue | Archer |
| 15:44 | Queue | Skirmisher |
| 15:50 | Queue | Villager (Male) |
| 15:52 | Queue | Villager (Male) |
| 15:56 | Build | Farm |
| 16:03 | Queue | Skirmisher |
| 16:17 | Queue | Archer |
| 16:23 | Build | Lumber Camp |
| 16:27 | Queue | Archer |
| 16:41 | Queue | Archer |
| 16:45 | Queue | Villager (Male) |
| 16:45 | Queue | Villager (Male) |
| 16:46 | Queue | Villager (Male) |
| 16:50 | Queue | Archer |
| 16:58 | Queue | Villager (Male) |
| 17:01 | Build | Farm |
| 17:11 | Queue | Archer |
| 17:17 | Build | Farm |
| 17:24 | Queue | Archer |
| 17:32 | Build | Farm |
| 17:38 | Queue | Archer |
| 17:41 | Queue | Archer |
| 17:41 | Queue | Villager (Male) |
| 17:49 | Queue | Villager (Male) |
| 17:58 | Build | Farm |
| 18:00 | Queue | Archer |
| 18:11 | Queue | Archer |
| 18:12 | Queue | Villager (Male) |
| 18:26 | Queue | Archer |
| 18:29 | Queue | Archer |
| 18:36 | Queue | Archer |
| 18:37 | Queue | Archer |
| 18:38 | Queue | Archer |
| 18:39 | Queue | Villager (Male) |
| 18:39 | Queue | Villager (Male) |
| 18:42 | Build | Farm |
| 18:54 | Build | Lumber Camp |
| 19:06 | Build | Farm |
| 19:08 | Build | House |
| 19:14 | Queue | Villager (Male) |
| 19:22 | Build | Farm |
| 19:32 | Research | Castle Age |
| 19:32 | Research | Castle Age |
Match timeline
| 3:42 | [DGLOS] DyouDi · wall_segment Palisade Wall x1 |
| 3:44 | [DGLOS] DyouDi · wall_segment Palisade Wall x2 |
| 4:46 | [DGLOS] DyouDi · first_building Barracks |
| 7:21 | twitch.tv/s0laf1d3 · wall_segment Palisade Wall x1 |
| 7:26 | twitch.tv/s0laf1d3 · wall_segment Palisade Wall x1 |
| 7:29 | twitch.tv/s0laf1d3 · wall_segment Palisade Wall x1 |
| 7:30 | twitch.tv/s0laf1d3 · wall_segment Palisade Wall x1 |
| 7:36 | twitch.tv/s0laf1d3 · wall_segment Palisade Wall x2 |
| 8:01 | twitch.tv/s0laf1d3 · wall_segment Palisade Wall x1 |
| 8:13 | twitch.tv/s0laf1d3 · first_building Barracks |
| 8:59 | twitch.tv/s0laf1d3 · age_up feudal |
| 9:00 | [DGLOS] DyouDi · wall_segment Palisade Wall x1 |
| 9:07 | twitch.tv/s0laf1d3 · first_building Archery Range |
| 10:16 | [DGLOS] DyouDi · age_up feudal |
| 10:19 | [DGLOS] DyouDi · first_building Archery Range |
| 12:25 | twitch.tv/s0laf1d3 · first_building Stable |
| 21:03 | twitch.tv/s0laf1d3 · age_up castle |
| 22:12 | [DGLOS] DyouDi · age_up castle |
| 30:07 | [DGLOS] DyouDi · first_market_buy 100 food |
| 30:11 | twitch.tv/s0laf1d3 · first_market_buy 100 stone |
| 30:13 | twitch.tv/s0laf1d3 · first_building Siege Workshop |
| 31:14 | [DGLOS] DyouDi · first_building Stable |
| 32:18 | [DGLOS] DyouDi · first_market_sell 100 wood |
| 32:21 | [DGLOS] DyouDi · first_building Castle |
| 34:08 | twitch.tv/s0laf1d3 · first_market_sell 500 wood |
| 34:09 | [DGLOS] DyouDi · first_building Siege Workshop |
| 38:03 | [DGLOS] DyouDi · first_building Monastery |
| 38:25 | twitch.tv/s0laf1d3 · age_up imperial |
| 42:31 | twitch.tv/s0laf1d3 · first_building Castle |
| 42:43 | twitch.tv/s0laf1d3 · first_building Monastery |
| 49:29 | [DGLOS] DyouDi · age_up imperial |
| 50:47 | twitch.tv/s0laf1d3 · wall_segment Stone Wall x8 |
| 51:53 | twitch.tv/s0laf1d3 · wall_segment Stone Wall x1 |
| 52:28 | twitch.tv/s0laf1d3 · wall_segment Stone Wall x1 |
| 52:31 | twitch.tv/s0laf1d3 · wall_segment Stone Wall x1 |
| 71:28 | [DGLOS] DyouDi · wall_segment Stone Wall x21 |
| 71:29 | [DGLOS] DyouDi · wall_segment Stone Wall x1 |
| 73:58 | [DGLOS] DyouDi · wall_segment Stone Wall x10 |
| 74:05 | [DGLOS] DyouDi · wall_segment Stone Wall x5 |
| 74:07 | [DGLOS] DyouDi · wall_segment Stone Wall x10 |
| 74:08 | [DGLOS] DyouDi · wall_segment Stone Wall x9 |
| 89:02 | [DGLOS] DyouDi · resign |
[ AI ANALYSIS · 1 CREDIT ]
What really happened in this match?
Wolo.gg analyzes every decision: build order, eco, micro, common mistakes by bracket. Personalized analysis on WhatsApp or Discord in 30 seconds.
Civ guide
Italians
Perfil
twitch.tv/s0laf1d3